 Dungeon Crawl Stone Soup version 0.21-a0-128-gf2b353c (webtiles) character file.

841 Kythnos the Covert (level 7, 0/48 HPs)
             Began as a Spriggan Enchanter on July 17, 2017.
             Succumbed to an orc's poison
             ... on level 4 of the Dungeon.
             The game lasted 00:15:43 (5288 turns).

Kythnos the Covert (Spriggan Enchanter)             Turns: 5288, Time: 00:15:44

Health: 0/48       AC:  3    Str: 10    XL:     7   Next: 67%
Magic:  2/14       EV: 18    Int: 18    God:
Gold:   166        SH:  2    Dex: 16    Spells: 5/14 levels left

rFire    . . .     SeeInvis +   h - +3 dagger (venom)
rCold    + . .     Gourm    .   (shield restricted)
rNeg     . . .     Faith    .   m - +1 robe {rC+}
rPois    .         Spirit   .   (helmet restricted)
rElec    .         Reflect  +   (no cloak)
rCorr    .         Harm     .   (gloves unavailable)
MR       +....                  (boots unavailable)
Stlth    ..........             j - +2 amulet of reflection
HPRegen  0.16/turn              (no ring)
MPRegen  0.14/turn              (no ring)

@: berserking, lethally poisoned (0 -> -21), very quick
A: unfitting armour, see invisible, herbivore 3, speed 3, slow metabolism 2
a: no special abilities


You were on level 4 of the Dungeon.
You were full.

You visited 1 branch of the dungeon, and saw 4 of its levels.

You collected 166 gold pieces.

Inventory:

Hand Weapons
 a - a +2 dagger
 e - a +0 dagger of pain
 g - a cursed -2 dagger
 h - a +3 dagger of venom (weapon)
Armour
 m - a +1 robe of cold resistance (worn)
Jewellery
 j - a +2 amulet of reflection (around neck)
Scrolls
 k - 3 scrolls of identify
 l - a scroll of blinking
 n - 2 scrolls of remove curse
Potions
 f - a potion of curing
 i - a potion of ambrosia
Books
 c - a book of Maledictions

   Spells                             Type                      Level
   a - Corona                         Hexes                        1
   b - Ensorcelled Hibernation        Hexes/Ice                    2
   c - Confuse                        Hexes                        3
   d - Tukima's Dance                 Hexes                        3
   e - Dazzling Spray                 Conjuration/Hexes            3
Comestibles
 d - a bread ration


   Skills:
 + Level 0.0 Fighting
 + Level 1.2 Short Blades
 + Level 3.0 Dodging
 + Level 12.2 Stealth
 + Level 4.4 Spellcasting
 + Level 5.0 Hexes


You had 5 spell levels left.
You knew the following spells:

 Your Spells              Type           Power        Failure   Level  Hunger
a - Ensorcelled Hibernat  Hex/Ice        ##....       8%          2    ##.....
b - Corona                Hex            ###....      1%          1    None
c - Confuse               Hex            ###.....     5%          3    ###....
d - Tukima's Dance        Hex            ###.....     5%          3    ###....


Dungeon Overview and Level Annotations

Branches:
Dungeon (4/15)
 Temple: D:4-7

Altars:
Gozag
Kikubaaqudgha
Ru
Uskayaw
Wu Jian


Innate Abilities, Weirdness & Mutations

You are very small and have problems with some larger weapons.
You are too small for most types of armour.
You have supernaturally acute eyesight. (SInv)
You are a herbivore.
You cover ground extremely quickly.
You need consume almost no food.


Message History

Unknown command.
You hit the orc.
The orc is poisoned.
The orc is heavily wounded.
You feel sick. The phantom misses you. The orc hits you with a flail of venom!
* * * LOW HITPOINT WARNING * * *
You are more poisoned.
You are too berserk!
You puncture the orc!
You kill the orc!
* * * LOW HITPOINT WARNING * * *
You feel sick.
Unknown command.
You puncture the phantom!
The phantom is moderately damaged.
* * * LOW HITPOINT WARNING * * *
You feel sick. The phantom misses you.
Unknown command.
You hit the phantom but do no damage.
The phantom is moderately damaged.
You die...

#........#
#....
#........#
#....
#........#
#....
#........#
#....
#...###+##
#..##
##'##
###..
#...# #..
#..W# #..
#..@# #..
#.))# #..
#...# #..
#.o.# #..
#...# #..
#...# ###
#....
#....


You could see a phantom and an orc.

Vanquished Creatures
  Pikel (D:4)
  Sigmund (D:4)
  2 orc wizards (D:4)
  An iguana (D:4)
  Robin (D:2)
  5 adders
  An adder skeleton (D:4)
  2 worms
  2 dart slugs
  4 leopard geckos
  9 orcs
  2 ball pythons (D:2)
  9 bats
  4 giant cockroaches
  18 goblins
  9 hobgoblins
  2 jackals (D:3)
  2 quokkas
  4 frilled lizards
  10 kobolds
  4 rats
93 creatures vanquished.

Vanquished Creatures (others)
  A slave (D:4)
  A worker ant (D:4)
  3 orcs (D:4)
5 creatures vanquished.

Grand Total: 98 creatures vanquished

Notes
Turn   | Place    | Note
-------+----------+-------------------------------------------
     0 | D:1      | Kythnos the Spriggan Enchanter began the quest for the Orb.
     0 | D:1      | Reached XP level 1. HP: 9/9 MP: 5/5
   343 | D:1      | Reached XP level 2. HP: 5/13 MP: 5/7
   462 | D:1      | Learned a level 2 spell: Ensorcelled Hibernation
  1468 | D:1      | Reached XP level 3. HP: 16/16 MP: 9/9
  1473 | D:1      | Learned a level 3 spell: Confuse
  1477 | D:1      | Learned a level 3 spell: Tukima's Dance
  2173 | D:2      | Found a hide-covered altar of Uskayaw.
  2185 | D:2      | Found an ancient bone altar of Kikubaaqudgha.
  2188 | D:2      | Found an ornate altar of the Wu Jian Council.
  2191 | D:2      | Found a sacrificial altar of Ru.
  2228 | D:2      | Noticed Robin
  2419 | D:2      | Killed Robin
  2419 | D:2      | Reached XP level 4. HP: 21/21 MP: 7/11
  2650 | D:2      | Found an opulent altar of Gozag.
  2678 | D:2      | Reached skill level 5 in Hexes
  2967 | D:2      | Reached skill level 5 in Stealth
  3696 | D:3      | Reached skill level 6 in Stealth
  3696 | D:3      | Reached XP level 5. HP: 19/24 MP: 12/12
  4175 | D:4      | Noticed a slave
  4175 | D:4      | Noticed a slave
  4176 | D:4      | Noticed Pikel
  4179 | D:4      | Noticed a slave
  4179 | D:4      | Noticed a slave
  4207 | D:4      | Killed Pikel
  4207 | D:4      | Reached skill level 10 in Stealth
  4207 | D:4      | Reached XP level 6. HP: 12/28 MP: 10/13
  4207 | D:4      | Reached XP level 7. HP: 14/32 MP: 10/14
  4843 | D:4      | Reached skill level 11 in Stealth
  5193 | D:4      | Noticed Sigmund
  5196 | D:4      | Killed Sigmund
  5196 | D:4      | Reached skill level 12 in Stealth
  5286 | D:4      | HP: 2/48 [poisoned by an orc]
  5288 | D:4      | Succumbed to an orc's poison

Vault maps used:
D:1:      lemuel_arrival_rhombus
D:2:      grunt_gozag_statues, grunt_temple_overflow_cloverleaf, uniq_robin
D:3:      kennysheep_generic_room_12
D:4:      uniq_sigmund, uniq_eustachio, uniq_pikel

Skill      XL: |  1  2  3  4  5  6  7 |
---------------+----------------------+-----
Spellcasting   | 3 4 |  4.4
Hexes          | 4 5 |  5.0
Stealth        | 6 10 12 | 12.2
Short Blades   | |  1.2
Dodging        | |  3.0

Action                   |  1- 3 |  4- 6 |  7- 9 || total
-------------------------+-------+-------+-------++-------
Melee: Dagger            |    97 |   108 |    48 ||   253
 Cast: Corona            |     4 |       |       ||     4
       Ensorcelled Hiber |    12 |     4 |     4 ||    20
       Confuse           |     1 |     1 |     8 ||    10
  Use: Potion            |     1 |       |     2 ||     3
       Scroll            |     6 |     4 |     1 ||    11
 Stab: Sleeping          |    17 |    15 |     6 ||    38
       Distracted        |     1 |     1 |     1 ||     3
       Confused          |     2 |     3 |     1 ||     6
  Eat: Royal jelly       |       |     1 |       ||     1
       Bread ration      |       |       |     1 ||     1
Armor: Robe              |    13 |     1 |       ||    14
Dodge: Dodged            |    68 |    71 |    33 ||   172
Block: Other             |       |     6 |     4 ||    10
